[Event "ICC tourney 2228 (30 10)"]
[Site "Internet Chess Club"]
[Date "2020.12.20"]
[Round "5"]
[White "solveur"]
[Black "halobeams"]
[Result "1-0"]
[ICCResult "Black checkmated"]
[WhiteElo "1319"]
[BlackElo "1300"]
[Opening "QGD: Marshall defense"]
[ECO "D06"]
[NIC "QP.08"]
[Time "19:01:13"]
[PlyCount "63"]
[TimeControl "1800+10"]


1. d4 d5 2. c4 Nf6 3. cxd5 Nxd5 4. e4 Nf6 5. Nc3 Nc6 6. d5 Ne5 7. f4 Ng6 8.
e5 Nd7 9. Nf3 Nc5 10. Be3 e6 11. d6 cxd6 12. Bxc5 dxc5 13. Bb5+ Bd7 14.
Bxd7+ Qxd7 15. Qxd7+ Kxd7 16. O-O-O+ Kc6 17. Ng5 Be7 18. Nce4 Nxf4 19. Rhf1
Ne2+ 20. Kd2 Nd4 21. Rxf7 Bxg5+ 22. Nxg5 Rad8 23. Kc3 h6 24. Ne4 Kb5 25.
a4+ Kb6 26. Rxg7 Ne2+ 27. Kc2 Rxd1 28. Kxd1 Nd4 29. a5+ Ka6 30. Nxc5+ Kxa5
31. Rxb7 a6 32. b4# { Black checkmated } 1-0

[Event "ICC tourney 2228 (30 10)"]
[Site "Internet Chess Club"]
[Date "2020.12.20"]
[Round "5"]
[White "kkhanna"]
[Black "joeandjoe28"]
[Result "1-0"]
[ICCResult "Black checkmated"]
[WhiteElo "1418"]
[BlackElo "1423"]
[Opening "Neo-Grünfeld, 6.O-O"]
[ECO "D77"]
[NIC "GI.02"]
[Time "19:01:10"]
[PlyCount "115"]
[TimeControl "1800+10"]


1. d4 Nf6 2. Nf3 g6 3. g3 Bg7 4. Bg2 O-O 5. O-O d5 6. c4 c5 7. dxc5 Na6 8.
Nc3 dxc4 9. Qa4 Nxc5 10. Qxc4 Ncd7 11. Rd1 Qb6 12. Na4 Qa5 13. Bd2 Qh5 14.
Nc3 Ne5 15. Nxe5 Qxe5 16. Bf4 Qa5 17. Qb3 Qa6 18. Nb5 Be6 19. Qb4 Rac8 20.
a4 Rc4 21. Qxe7 Rxa4 22. Rxa4 Qxa4 23. Nc3 Qb3 24. Rd8 Nh5 25. Bd6 h6 26.
Rxf8+ Bxf8 27. Qxf8+ Kh7 28. Be5 f6 29. Bxf6 Nxf6 30. Qxf6 Qxb2 31. Qxe6
Qc1+ 32. Bf1 Qxc3 33. Qf7+ Qg7 34. Qxg7+ Kxg7 35. e4 a6 36. Bc4 Kf6 37. Kf1
a5 38. Bb5 Ke5 39. f3 g5 40. Ke2 h5 41. Ke3 b6 42. h3 Ke6 43. Kd4 Kd6 44.
f4 g4 45. hxg4 hxg4 46. e5+ Ke6 47. Ke4 a4 48. Bxa4 b5 49. Bb3+ Ke7 50. f5
b4 51. f6+ Ke8 52. Kf5 Kf8 53. e6 Ke8 54. Ba4+ Kf8 55. e7+ Kf7 56. Be8+
Kxe8 57. Ke6 b3 58. f7# { Black checkmated } 1-0

[Event "ICC tourney 2228 (30 10)"]
[Site "Internet Chess Club"]
[Date "2020.12.20"]
[Round "5"]
[White "Mannansh"]
[Black "sspugazh10"]
[Result "1-0"]
[ICCResult "Black checkmated"]
[WhiteElo "1257"]
[BlackElo "1441"]
[Opening "Sicilian: Smith-Morra gambit"]
[ECO "B21"]
[NIC "SI.48"]
[Time "19:01:07"]
[PlyCount "55"]
[TimeControl "1800+10"]


1. e4 c5 2. d4 cxd4 3. c3 dxc3 4. Nxc3 Nc6 5. Bc4 e6 6. Nf3 Bb4 7. O-O Nf6
8. e5 Bxc3 9. bxc3 Nd5 10. Bxd5 exd5 11. Qxd5 Ne7 12. Qc4 O-O 13. Ba3 b6
14. Ng5 a5 15. Qe4 Ng6 16. Qxa8 Re8 17. Nxf7 Kxf7 18. Qd5+ Re6 19. f4 Bb7
20. Qxb7 Rc6 21. f5 Nxe5 22. Rfe1 Nd3 23. Re7+ Kf6 24. Rxd7 Qc8 25. Rd6+
Kg5 26. Qxg7+ Kf4 27. Rf1+ Ke4 28. Qd4# { Black checkmated } 1-0

[Event "ICC tourney 2228 (30 10)"]
[Site "Internet Chess Club"]
[Date "2020.12.20"]
[Round "5"]
[White "Fredzhang"]
[Black "lwidjaja"]
[Result "1/2-1/2"]
[ICCResult "Game drawn by repetition"]
[WhiteElo "1319"]
[BlackElo "1409"]
[Opening "Giuoco Piano"]
[ECO "C54"]
[NIC "IG.02"]
[Time "19:01:07"]
[PlyCount "93"]
[TimeControl "1800+10"]


1. e4 e5 2. Nf3 Nc6 3. Bc4 Bc5 4. c3 Nf6 5. d4 exd4 6. cxd4 Bb4+ 7. Bd2
Nxe4 8. Bxb4 Nxb4 9. Bxf7+ Kxf7 10. Qb3+ d5 11. Qxb4 Re8 12. Ne5+ Kg8 13.
O-O c5 14. Qa4 cxd4 15. Qxd4 Be6 16. Nd2 Nxd2 17. Qxd2 Qf6 18. Rfe1 Rad8
19. b3 Bf5 20. Nf3 Be4 21. Nd4 a6 22. Rad1 Rc8 23. f3 Bg6 24. h3 Qb6 25.
Kf1 Qd6 26. Rxe8+ Rxe8 27. Kf2 Rc8 28. a4 Qb6 29. Qf4 Rf8 30. Qe3 Re8 31.
Qc3 Qf6 32. Kg1 Qh4 33. Qd2 Bf7 34. Nf5 Qf6 35. g4 Bg6 36. Qxd5+ Bf7 37.
Qxb7 Qc3 38. Nd6 Re1+ 39. Kg2 Qb2+ 40. Kg3 Qe5+ 41. Kg2 Qe2+ 42. Kg3 Qe5+
43. Kg2 Qe2+ 44. Kg3 Qe5+ 45. Kg2 Qe2+ 46. Kg3 Qe5+ 47. Kg2 { Game drawn by
repetition } 1/2-1/2

[Event "ICC tourney 2228 (30 10)"]
[Site "Internet Chess Club"]
[Date "2020.12.20"]
[Round "5"]
[White "ChalsparoV"]
[Black "wildrumpus"]
[Result "1-0"]
[ICCResult "Black resigns"]
[WhiteElo "1569"]
[BlackElo "1535"]
[Opening "Queen's pawn game"]
[ECO "A46"]
[NIC "QP.06"]
[Time "19:02:02"]
[PlyCount "63"]
[TimeControl "1800+10"]


1. d4 Nf6 2. Nf3 c5 3. c3 e6 4. Bf4 Be7 5. e3 O-O 6. Nbd2 d5 7. Bd3 Nc6 8.
O-O Nh5 9. Bg3 Nxg3 10. hxg3 f5 11. Bb5 c4 12. b3 cxb3 13. axb3 Nb8 14. Ne5
Bd7 15. Bd3 Nc6 16. Ndf3 Bd6 17. c4 Qc7 18. Nxd7 Qxd7 19. Ng5 Be7 20. Nxe6
Rf6 21. cxd5 Nb4 22. Nc5 Bxc5 23. dxc5 Kh8 24. Bc4 Na6 25. c6 bxc6 26. Rxa6
cxd5 27. Rxf6 gxf6 28. Qxd5 Qe8 29. Qxf5 Qf8 30. Rd1 a5 31. Rd7 Qh6 32. Bd3
{ Black resigns } 1-0

[Event "ICC tourney 2228 (30 10)"]
[Site "Internet Chess Club"]
[Date "2020.12.20"]
[Round "5"]
[White "i3izarre"]
[Black "phosur"]
[Result "1/2-1/2"]
[ICCResult "Game drawn by mutual agreement"]
[WhiteElo "1458"]
[BlackElo "1347"]
[Opening "English: closed system (without ...d6)"]
[ECO "A26"]
[NIC "EO.20"]
[Time "19:01:07"]
[PlyCount "76"]
[TimeControl "1800+10"]


1. c4 e5 2. Nc3 Nc6 3. g3 g6 4. Bg2 Bg7 5. d3 Nge7 6. Nf3 O-O 7. Rb1 f5 8.
Bg5 h6 9. Bxe7 Nxe7 10. O-O d6 11. Nd2 Be6 12. Bxb7 Rb8 13. Bg2 Qd7 14. Qc2
f4 15. Nd5 h5 16. d4 Nf5 17. dxe5 dxe5 18. Rfd1 fxg3 19. fxg3 Kh7 20. Ne4
Bxd5 21. Rxd5 Qe7 22. Rd3 Rbd8 23. Rbd1 Bh6 24. Rxd8 Rxd8 25. Rxd8 Qxd8 26.
Qd3 Qe7 27. Bh3 Nd4 28. Nc3 Qc5 29. Kh1 Bg5 30. Ne4 Qe7 31. Nxg5+ Qxg5 32.
e3 Nf5 33. Qd7+ Kh6 34. Bxf5 Qxe3 35. Bh3 Qe1+ 36. Kg2 Qe2+ 37. Kg1 Qe1+
38. Kg2 Qe2+ { Game drawn by mutual agreement } 1/2-1/2

[Event "ICC tourney 2228 (30 10)"]
[Site "Internet Chess Club"]
[Date "2020.12.20"]
[Round "5"]
[White "pmchess98"]
[Black "sswagatha"]
[Result "1-0"]
[ICCResult "Black checkmated"]
[WhiteElo "1441"]
[BlackElo "1313"]
[Opening "Scotch gambit"]
[ECO "C44"]
[NIC "SO.06"]
[Time "19:01:08"]
[PlyCount "121"]
[TimeControl "1800+10"]


1. e4 e5 2. Nf3 Nc6 3. d4 exd4 4. Bc4 h6 5. Nxd4 Bc5 6. Bxf7+ Kxf7 7. Qh5+
g6 8. Qxc5 Nge7 9. O-O Kg7 10. Be3 d6 11. Qc3 Kh7 12. Qd2 Qf8 13. Nc3 Qg7
14. Nd5 Nxd5 15. exd5 Ne5 16. b3 c6 17. f4 Ng4 18. Ne6 Qf7 19. Bd4 Re8 20.
h3 Nf6 21. Bxf6 Bxe6 22. dxe6 Qxf6 23. f5 gxf5 24. Qxd6 Rxe6 25. Qd7+ Re7
26. Qxf5+ Qxf5 27. Rxf5 Kg6 28. Raf1 Re2 29. Rf6+ Kh7 30. Rf7+ Kg8 31. Rxb7
Rxc2 32. a4 Re8 33. Rd1 Ra8 34. Rdd7 Rc3 35. Rg7+ Kf8 36. Rh7 Kg8 37. Rxh6
Rg3 38. Rxc6 Rd8 39. b4 Rb3 40. b5 Rb1+ 41. Kh2 Ra1 42. Rxa7 Ra2 43. b6 Kf8
44. b7 Rb2 45. Rc8 Ke8 46. a5 Rb5 47. a6 Rb6 48. Raa8 Rd6 49. Rxd8+ Rxd8
50. Rxd8+ Kxd8 51. b8=Q+ Ke7 52. Qe5+ Kd7 53. a7 Kc6 54. a8=R Kb6 55. Rb8+
Kc6 56. Qb5+ Kd6 57. Rb6+ Kc7 58. Qc6+ Kd8 59. Qb7 Ke8 60. Rc6 Kf8 61. Rc8#
{ Black checkmated } 1-0

[Event "ICC tourney 2228 (30 10)"]
[Site "Internet Chess Club"]
[Date "2020.12.20"]
[Round "5"]
[White "Kyriakos1301"]
[Black "Logarius"]
[Result "0-1"]
[ICCResult "White resigns"]
[WhiteElo "1550"]
[BlackElo "1458"]
[Opening "Old Benoni defense"]
[ECO "A43"]
[NIC "OI.09"]
[Time "19:01:07"]
[PlyCount "122"]
[TimeControl "1800+10"]


1. d4 c5 2. e3 e6 3. Nf3 b6 4. Bd3 Bb7 5. Nbd2 Nf6 6. O-O cxd4 7. exd4 Bd6
8. Nc4 Be7 9. Bf4 d6 10. Re1 O-O 11. Qe2 Nd5 12. Qe4 g6 13. Bh6 Re8 14. Ne3
Nd7 15. Ng4 Rb8 16. Qe2 Qc7 17. c3 Bf8 18. Ng5 N5f6 19. Bxf8 Nxg4 20. Bxd6
Qxd6 21. Qxg4 Nf6 22. Qh4 Nh5 23. Ne4 Qd8 24. Qxd8 Rexd8 25. g3 Kg7 26. Re2
Nf6 27. Rae1 Bd5 28. Nxf6 Kxf6 29. a3 Bc6 30. Re5 Rd5 31. f4 Rbd8 32. Be4
R5d6 33. Bd3 Rd5 34. Kf2 Ra8 35. Ba6 Rb8 36. Ke3 b5 37. Kd2 Bd7 38. Rxd5
exd5 39. Re5 Rb6 40. Rxd5 Ke6 41. Re5+ Kd6 42. Bxb5 Bxb5 43. Ke3 Bd7 44. b4
Rc6 45. Rc5 Rxc5 46. bxc5+ Kd5 47. Kd3 Bb5+ 48. Kd2 Kc4 49. g4 a5 50. g5
Kb3 51. d5 Kxa3 52. c6 Kb3 53. c7 Bd7 54. Kd3 a4 55. c4 a3 56. c5 a2 57. c6
Bc8 58. d6 a1=Q 59. d7 Qd1+ 60. Ke4 Bxd7 61. cxd7 Qxd7 { White resigns }
0-1

[Event "ICC tourney 2228 (30 10)"]
[Site "Internet Chess Club"]
[Date "2020.12.20"]
[Round "5"]
[White "Paladin51"]
[Black "RatislavK"]
[Result "1-0"]
[ICCResult "Black checkmated"]
[WhiteElo "1590"]
[BlackElo "1311"]
[Opening "Queen's pawn game"]
[ECO "D05"]
[NIC "QP.06"]
[Time "19:01:06"]
[PlyCount "129"]
[TimeControl "1800+10"]


1. d4 Nf6 2. Nf3 e6 3. e3 d5 4. Bd3 c5 5. O-O c4 6. Be2 Bd7 7. b3 b5 8. a4
a6 9. axb5 Bxb5 10. bxc4 dxc4 11. Nc3 Nc6 12. Ba3 Bxa3 13. Rxa3 Nd5 14.
Nxd5 exd5 15. c3 Na5 16. Nd2 O-O 17. Qa1 Nb7 18. Rb1 Qd7 19. h3 a5 20. Qb2
Nd6 21. Bf3 Bc6 22. Qb6 a4 23. Qb2 Nb7 24. Nxc4 dxc4 25. Bxc6 Qxc6 26. Qxb7
Qd6 27. Raa1 Rfb8 28. Qf3 Rxb1+ 29. Rxb1 Rb8 30. Rb7 Rxb7 31. Qxb7 g6 32.
Qa8+ Kg7 33. Qxa4 Qc7 34. Qb5 Kf6 35. f4 Ke6 36. Qe5+ Qxe5 37. fxe5 f6 38.
exf6 Kxf6 39. e4 Ke6 40. Kf2 h5 41. h4 Kf6 42. Kf3 g5 43. hxg5+ Kxg5 44. g3
Kg6 45. Kf4 Kf6 46. d5 Ke7 47. e5 Kd7 48. Kg5 Kc7 49. Kxh5 Kb6 50. e6 Kc7
51. Kg6 Kd6 52. Kf7 Kxd5 53. e7 Ke4 54. e8=Q+ Kd3 55. Qe5 Kd2 56. g4 Kc2
57. g5 Kb3 58. g6 Kc2 59. g7 Kb3 60. g8=Q Kc2 61. Qc8 Kb3 62. Qcc5 Kb2 63.
Qxc4 Kb1 64. Qb3+ Kc1 65. Qe1# { Black checkmated } 1-0